 Dungeon Crawl Stone Soup version 0.15.2 (webtiles) character file.

166985 kae the Bludgeoner (level 17, 143/154 HPs)
             Began as a Minotaur Fighter on Jan 22, 2015.
             Was the Champion of Okawaru.
             Drowned
             ... on Level 1 of the Shoals.
             The game lasted 01:13:15 (40573 turns).

kae the Bludgeoner (Minotaur Fighter)              Turns: 40573, Time: 01:13:15

HP 143/154       AC 25     Str 27      XL: 17   Next: 30%
MP  27/30        EV 20     Int  7      God: Okawaru [******]
Gold 1345        SH 14     Dex 13      Spells:  0 memorised, 16 levels left

rFire  + + .     SeeInvis .     b - +5 morningstar of Action {crush, rPois rF++}
rCold  . . .     Clarity  .     M - -1 ring mail of the Blind Marksman {+Blink +Fly rN+}
rNeg   + . .     rCorr    .     c - +0 shield
rPois  +         rRot     .     (helmet unavailable)
rElec  .         Spirit   +     x - +2 cloak {rPois}
SustAb .         Warding  .     t - +2 pair of gloves "Kes Ima" {Str+2 Curse}
rMut   .         Stasis   .     J - +2 pair of boots {run}
Gourm  .                        e - amulet of guardian spirit
MR     +....                    l - ring of regeneration
                                Z - ring "Tommuicy" {AC+3 Slay+3}

@: heroism, quick, somewhat resistant to hostile enchantments, very unstealthy
A: retaliatory headbutt, horns 3, large bone plates 1, strong 1
a: Heroism, Finesse, Renounce Religion, Evoke Blink, Evoke Flight


You were on level 1 of the Shoals.
You worshipped Okawaru.
Okawaru was exalted by your worship.
You were not hungry.

You visited 6 branches of the dungeon, and saw 33 of its levels.
You visited 1 bazaar.
You also visited: Ice Cave and Volcano.

You collected 4371 gold pieces.
You spent 3026 gold pieces at shops.

Inventory:

Hand weapons
 a - the +3 mace of Indomitability {crush, +Rage +Inv rElec rF+ SInv}
   (Okawaru gifted it to you on level 3 of the Orcish Mines)

   It inflicts extra damage upon your enemies.
   It protects you from fire.
   It insulates you from electricity.
   It enhances your eyesight.
   It lets you turn invisible.
   It lets you go berserk.
 b - the +5 morningstar of Action (weapon) {crush, rPois rF++}
   (Okawaru gifted it to you on level 8 of the Lair of Beasts)

   It inflicts extra damage upon your enemies.
   It greatly protects you from fire.
   It protects you from poison.
Missiles
 g - 4 poisoned javelins
 N - 8 silver javelins
 T - 5 tomahawks (quivered)
Armour
 c - a +0 shield (worn)
 t - the +2 pair of gloves "Kes Ima" (worn) {Str+2 Curse}
   (Okawaru gifted it to you on level 4 of the Orcish Mines)

   It affects your strength (+2).
   It may recurse itself when equipped.
 x - a +2 cloak of poison resistance (worn)
 J - a +2 pair of boots of running (worn)
 M - the -1 ring mail of the Blind Marksman (worn) {+Blink +Fly rN+}
   (You found it on level 6 of the Dungeon)

   It protects you from negative energy.
   It lets you fly.
   It lets you blink.
Magical devices
 y - a wand of invisibility (5)
 A - a wand of heal wounds (3)
 R - a wand of hasting (3)
Comestibles
 d - 17 bread rations
 f - a royal jelly
 C - 2 meat rations
 H - 6 chunks of griffon flesh
Scrolls
 m - 3 scrolls of fog
 p - 8 scrolls of remove curse
 q - 2 scrolls of enchant armour
 r - a scroll of enchant weapon
 u - 13 scrolls of teleportation
 v - a scroll of fear
 w - 15 scrolls of identify
 z - 2 scrolls of magic mapping
 B - a scroll of amnesia
 G - a scroll of vulnerability
 O - 4 scrolls of blinking
Jewellery
 e - an amulet of guardian spirit (around neck)
 h - an uncursed ring of sustain abilities
 i - an uncursed ring of flight
 l - a ring of regeneration (right hand)
 K - an uncursed ring of see invisible
 P - an uncursed amulet of resist corrosion {unknown}
 Z - the ring "Tommuicy" (left hand) {AC+3 Slay+3}
   (You bought it in a shop on level 4 of the Orcish Mines)

   [ring of protection]

   It affects your AC (+3).
   It affects your accuracy and damage with ranged weapons and melee attacks
   (+3).
Potions
 j - 9 potions of haste
 k - a potion of agility
 n - 8 potions of curing
 o - a potion of cure mutation
 s - 2 potions of might
 D - 4 potions of berserk rage
 E - a potion of heal wounds
 F - 7 potions of flight
 I - 2 potions of cancellation
 L - 4 potions of resistance


   Skills:
 - Level 14.5(19.5) Fighting
 - Level 18.4(23.4) Maces & Flails
 - Level 14.5(19.5) Armour
 - Level 13.4(18.4) Dodging
 - Level 3.6(8.6) Shields
 + Level 10.3 Invocations
 * Level 14.2 Evocations


You had 16 spell levels left.
You didn't know any spells.

Dungeon Overview and Level Annotations

Branches:
Dungeon (15/15)            Temple (1/1) D:5             Orc (4/4) D:10
    Elf (0/3) Orc:3          Lair (8/8) D:10         Shoals (1/5) Lair:3
  Snake (4/5) Lair:5        Slime (0/6) Lair:6       Vaults (0/5) D:14
 Depths (0/5) D:15

Altars:
Ashenzari
Cheibriados
Dithmenos
Fedhas
Kikubaaqudgha
Makhleb
Nemelex Xobeh
Okawaru
Qazlal
Sif Muna
Trog
Vehumet
Xom
Yredelemnul
Beogh
Jiyva

Shops:
D:12 (   D:15 :   Orc:4 =*==*   Snake:2 *

Annotations:
Orc:3 1 exclusion


Innate Abilities, Weirdness & Mutations

You reflexively headbutt those who attack you in melee.
You have a pair of large horns on your head.
You are partially covered in large bone plates (AC +2, SH +2).
Your muscles are strong. (Str +2)


Message History

You hear a splash.
You puncture the cyclops!
The cyclops is moderately wounded.
You impale the cyclops!!
The cyclops is almost dead.
You barely miss the cyclops. You headbutt the cyclops.
You kill the cyclops!
Okawaru accepts your kill.
You now have 1314 gold pieces (gained 4).
You see here a ring of see invisible.
Careful!
You are starting to lose your buoyancy.
You now have 1345 gold pieces (gained 31).
Are you sure you want to fly over deep water while you are losing your buoyancy? [Y]es or [N]o only, please.
Are you sure you want to fly over deep water while you are losing your buoyancy? [Y]es or [N]o only, please.
Are you sure you want to fly over deep water while you are losing your buoyancy?
You float gracefully downwards.
You fall into the water!
You sink like a stone!
You drown...
You die...

..........##≈≈≈ ≈≈≈##..≈≈≈...
≈..≈......#≈≈≈#######≈≈≈#≈.≈%≈...
≈≈≈≈≈≈..).##≈≈#≈≈≈≈=#≈≈##≈.≈≈≈...
≈≈≈≈≈≈....#8≈≈#≈≈≈≈≈#≈≈8#...≈≈...
≈≈≈≈≈≈.[.(##≈≈#≈≈≈≈≈#≈≈##...≈≈≈≈≈
.≈≈≈≈≈...(.(≈≈#≈≈≈≈≈≈≈≈≈#...≈≈≈≈≈
..≈≈≈≈≈...##≈≈#≈≈≈≈≈#≈≈##..≈≈≈≈≈≈
≈≈≈≈≈≈≈≈≈≈#8≈≈#≈≈≈≈≈#≈≈≈#..≈≈≈≈≈≈
≈≈≈≈≈≈≈≈≈≈##≈≈#?@≈≈≈#≈≈##((≈≈≈≈≈≈
≈≈≈≈≈≈≈≈≈≈#≈≈≈#######≈≈≈#≈≈.≈≈≈≈≈
≈≈≈≈≈≈≈≈≈≈##≈≈≈≈≈≈≈≈≈≈≈##≈≈≈≈≈≈≈≈
≈≈≈≈≈≈≈≈≈≈≈##≈≈≈≈≈≈≈≈≈##≈≈≈≈≈≈≈≈≈
≈≈≈≈≈≈≈≈≈≈.≈###8#8#≈###≈≈≈≈≈≈≈≈≈≈
≈≈≈≈≈≈≈≈≈≈≈≈≈.#######≈≈≈≈≈≈≈≈≈≈≈≈
≈≈≈≈≈≈≈≈≈≈≈≈≈≈.≈...≈≈≈≈≈≈≈≈≈≈≈≈≈≈
≈≈ ≈≈≈≈≈≈≈≈≈≈≈≈≈≈≈≈≈≈≈≈≈≈≈≈≈≈≈≈≈≈
≈ ≈≈≈≈≈≈≈≈≈≈≈≈≈≈≈≈≈≈≈≈≈≈≈≈≈≈≈≈


There were no monsters in sight!

Vanquished Creatures
  A kraken (Shoals:1)
  A greater naga (Snake:4)
  Wiglaf (Snake:2)
  An orc warlord (D:13)
  Aizul (Snake:4)
  2 frost giants
  A stone giant (Shoals:1)
  A merfolk impaler (Shoals:1)
  4 vault guards (D:14)
  2 fire dragons (D:15)
  Josephine (D:14)
  An ironheart preserver (D:13)
  The ghost of Alarkh the Martial Artist, a powerful OpIE of Okawaru (IceCv)
  5 hydras
  Harold (D:13)
  An ice dragon (D:15)
  9 naga warriors
  Nessos (D:14)
  6 centaur warriors
  5 anacondas
  Erica (Lair:7)
  2 ogre magi (D:15)
  6 death yaks (Lair:6)
  5 shock serpents
  3 orc high priests (Orc:4)
  5 naga sharpshooters
  A fire crab (Lair:8)
  3 sea snakes (Shoals:1)
  A wizard (D:14)
  An unseen horror (D:11)
  An ice statue (IceCv)
  3 naga ritualists
  3 harpies (Shoals:1)
  6 orc sorcerers
  10 ugly things
  8 orc knights
  7 cyclopes
  A wolf spider zombie (D:14)
  8 hill giants
  8 manticores
  2 fauns (Shoals:1)
  5 mana vipers
  5 griffons
  A water nymph (Shoals:1)
  3 toenail golems (Volcano)
  10 elephants
  3 mermaids
  3 salamanders
  33 black mambas
  Maurice (D:12)
  A gargoyle (D:13)
  Joseph (Orc:4)
  5 guardian serpents
  6 spiny frogs
  12 naga magi
  A kobold demonologist (D:15)
  A feature mimic (Lair:5)
  4 fire drakes
  5 komodo dragons
  A spriggan druid (Lair:8)
  2 hydra zombies
  7 two-headed ogres
  6 trolls
  A raven (shapeshifter) (D:13)
  Sonja (Orc:4)
  A merfolk (Shoals:1)
  16 polar bears
  A boulder beetle (Lair:6)
  20 blink frogs
  A catoblepas skeleton (D:15)
  3 basilisks
  6 humans (Volcano)
  8 slime creatures (D:15)
  A snapping turtle (Shoals:1)
  54 yaks
  A fire dragon skeleton (D:15)
  7 redbacks (Lair:8)
  A vampire (D:15)
  A wraith (D:15)
  A deep elf mage (D:9)
  4 water elementals
  14 spriggans
  Eustachio (D:4)
  9 hippogriffs
  A fire elemental (Lair:3)
  2 wyverns
  A steam dragon (D:11)
  A hungry ghost (D:8)
  A warg (shapeshifter) (D:14)
  A mottled dragon (D:13)
  35 wolves
  27 water moccasins
  32 nagas
  3 wargs
  25 orc warriors
  5 ice beasts
  6 black bears
  7 phantoms
  8 porcupines
  15 centaurs
  3 sky beasts
  3 yellow wasps (Lair:8)
  23 ogres
  A boggart (D:14)
  A boring beetle (Lair:5)
  12 crocodiles
  2 necrophages
  A big kobold (D:13)
  The ghost of magipi the Chiller, an average OpIE (D:3)
  A brain worm (D:13)
  A yaktaur zombie (D:14)
  24 giant frogs
  A cyclops zombie (D:12)
  2 cyclops skeletons (D:14)
  A wyvern skeleton (D:14)
  A gnoll sergeant (D:5)
  22 killer bees
  2 troll zombies
  13 electric eels
  4 scorpions
  2 tengu skeletons
  8 wights (D:14)
  9 crimson imps
  A quasit (D:10)
  2 centaur zombies
  A goliath beetle (D:6)
  Crazy Yiuf (D:3)
  11 hounds
  6 iguanas
  11 worker ants
  3 centaur skeletons
  4 jellies
  23 orc priests
  Natasha (twice) (D:3)
  40 orc wizards
  13 sheep
  3 ogre skeletons
  Jessica (D:3)
  A kobold simulacrum (D:14)
  Terence (D:3)
  A mummy (D:6)
  58 green rats
  25 adders
  3 gnolls
  12 white imps (Lair:5)
  2 giant mites
  A shadow imp (D:7)
  2 worms
  An iguana skeleton (D:10)
  9 giant geckos
  192 orcs
  2 ball pythons (D:2)
  22 bats
  4 giant cockroaches
  23 hobgoblins
  16 kobolds
  17 quokkas
  6 giant newts
  A giant spore (D:15)
  28 goblins
  A goblin zombie (D:5)
  A hobgoblin skeleton (D:6)
  A hobgoblin zombie (D:7)
  5 jackals
  2 kobold skeletons
  2 orc zombies (D:7)
  A quokka zombie (D:6)
  14 rats
  A ballistomycete (D:15)
  A bush (Lair:6)
  A plant (Lair:5)
  5 tentacles (Shoals:1)
1291 creatures vanquished.

Vanquished Creatures (others)
  A polar bear (IceCv)
  A giant spore (D:11)
  A fungus (Lair:8)
  2 plants
  6 tentacles (Shoals:1)
  86 tentacle segments (Shoals:1)
97 creatures vanquished.

Grand Total: 1388 creatures vanquished

Notes
Turn   | Place    | Note
--------------------------------------------------------------
     0 | D:1      | kae, the Minotaur Fighter, began the quest for the Orb.
     0 | D:1      | Reached XP level 1. HP: 19/19 MP: 1/1
   236 | D:1      | Reached XP level 2. HP: 26/26 MP: 1/1
   532 | D:2      | Reached skill level 4 in Maces & Flails
   786 | D:2      | Reached XP level 3. HP: 27/31 MP: 2/2
   787 | D:2      | Found a blossoming altar of Fedhas.
   871 | D:2      | Reached skill level 5 in Maces & Flails
  1161 | D:2      | Reached XP level 4. HP: 39/39 MP: 2/2
  1273 | D:3      | Noticed magipi's ghost (average OpIE)
  1282 | D:3      | Killed magipi's ghost
  1282 | D:3      | Reached skill level 6 in Maces & Flails
  1282 | D:3      | Reached XP level 5. HP: 16/45 MP: 2/2
  1367 | D:3      | Found a stormy altar of Qazlal.
  1371 | D:3      | Noticed a water elemental
  1371 | D:3      | Noticed a fire elemental
  1371 | D:3      | Noticed an air elemental
  1391 | D:3      | Noticed Jessica
  1397 | D:3      | Killed Jessica
  1433 | D:3      | Noticed Natasha
  1439 | D:3      | Killed Natasha
  1440 | D:3      | Reached skill level 7 in Maces & Flails
  1684 | D:3      | Noticed Crazy Yiuf
  1689 | D:3      | Killed Crazy Yiuf
  1689 | D:3      | Reached XP level 6. HP: 34/51 MP: 3/3
  1883 | D:3      | Noticed Natasha
  1891 | D:3      | Killed Natasha
  1928 | D:3      | Noticed Terence
  1946 | D:3      | Killed Terence
  2071 | D:4      | Reached skill level 8 in Maces & Flails
  2404 | D:4      | Found a shattered altar of Ashenzari.
  2404 | D:4      | Found a radiant altar of Vehumet.
  2404 | D:4      | Noticed Eustachio
  2421 | D:4      | Killed Eustachio
  2696 | D:4      | Reached skill level 9 in Maces & Flails
  2696 | D:4      | Reached XP level 7. HP: 42/57 MP: 3/3
  3199 | D:4      | Reached skill level 10 in Maces & Flails
  3249 | D:5      | Entered Level 5 of the Dungeon
  3295 | D:5      | Found a staircase to the Ecumenical Temple.
  3685 | D:5      | Found a basalt altar of Yredelemnul.
  4157 | Temple   | Entered the Ecumenical Temple
  4231 | Temple   | Became a worshipper of Warmaster Okawaru
  4758 | D:5      | Reached skill level 11 in Maces & Flails
  4796 | D:6      | Reached XP level 8. HP: 43/64 MP: 3/3
  4842 | D:6      | Got a transparent ring mail
  4853 | D:6      | Identified the cursed -1 ring mail of the Blind Marksman {+Blink +Fly rN+} (You found it on level 6 of the Dungeon)
  5483 | D:6      | Reached skill level 12 in Maces & Flails
  5533 | D:6      | Found a sparkling altar of Nemelex Xobeh.
  5536 | D:6      | Found an ancient bone altar of Kikubaaqudgha.
  5542 | D:6      | Found a deep blue altar of Sif Muna.
  5721 | D:6      | Gained mutation: You are partially covered in large bone plates (AC +2, SH +2). [potion of mutation]
  5721 | D:6      | Gained mutation: Your muscles are strong. (Str +2) [potion of mutation]
  5920 | D:7      | Acquired Okawaru's first power
  5957 | D:7      | Found a shadowy altar of Dithmenos.
  5973 | D:7      | Reached skill level 13 in Maces & Flails
  6259 | D:7      | Found a shimmering altar of Xom.
  6341 | D:7      | Reached XP level 9. HP: 45/70 MP: 4/4
  6620 | D:7      | Reached skill level 14 in Maces & Flails
  7566 | D:8      | Reached skill level 15 in Maces & Flails
  8729 | D:9      | Reached skill level 16 in Maces & Flails
  8996 | D:10     | Entered Level 10 of the Dungeon
  9002 | D:10     | Reached XP level 10. HP: 77/77 MP: 4/4
  9251 | D:10     | Found a staircase to the Orcish Mines.
  9523 | D:10     | Reached skill level 17 in Maces & Flails
 10202 | D:10     | Found a staircase to the Lair.
 10537 | Lair:1   | Entered Level 1 of the Lair of Beasts
 10826 | Lair:1   | Noticed a black mamba
 10845 | Lair:1   | Killed a black mamba
 10845 | Lair:1   | Received a gift from Okawaru
 10845 | Lair:1   | Reached skill level 1 in Dodging
 11126 | Lair:1   | Noticed a black mamba
 11135 | Lair:1   | Killed a black mamba
 11364 | Lair:1   | Noticed a five-headed hydra
 11386 | Lair:1   | Killed a five-headed hydra
 11386 | Lair:1   | Received a gift from Okawaru
 11386 | Lair:1   | Reached skill level 5 in Fighting
 11386 | Lair:1   | Reached skill level 18 in Maces & Flails
 11386 | Lair:1   | Reached XP level 11. HP: 23/86 MP: 2/4
 11870 | Lair:1   | Reached skill level 5 in Armour
 13147 | Lair:2   | Acquired Okawaru's second power
 14003 | Lair:3   | Reached skill level 5 in Dodging
 14165 | Lair:3   | Found a staircase to the Shoals.
 14465 | Lair:3   | Noticed a six-headed hydra
 14476 | Lair:3   | Killed a six-headed hydra
 14972 | Lair:4   | Found a dark tunnel.
 15003 | Lair:4   | Gained mutation: You have a pair of large horns on your head. [potion of beneficial mutation]
 15006 | Volcano  | Entered a volcano
 15200 | Volcano  | Reached XP level 12. HP: 98/101 MP: 5/5
 15854 | Lair:4   | Received a gift from Okawaru
 17446 | Lair:5   | Found a frozen archway.
 17522 | IceCv    | Entered an ice cave
 17626 | IceCv    | Reached skill level 10 in Armour
 17810 | IceCv    | Reached skill level 10 in Fighting
 17964 | IceCv    | Noticed Alarkh's ghost (powerful OpIE)
 17987 | IceCv    | Killed Alarkh's ghost
 18422 | IceCv    | Noticed a frost giant
 18469 | IceCv    | Reached XP level 13. HP: 32/114 MP: 5/5
 18482 | IceCv    | Killed a frost giant
 19510 | Lair:5   | Found a staircase to the Snake Pit.
 19650 | Lair:5   | Received a gift from Okawaru
 20531 | Lair:6   | Reached skill level 10 in Dodging
 20698 | Lair:6   | Found a viscous altar of Jiyva.
 20699 | Lair:6   | Found a staircase to the Slime Pits.
 22156 | Lair:7   | Received a gift from Okawaru
 22201 | Lair:7   | Noticed Erica
 22212 | Lair:7   | Killed Erica
 22577 | Lair:7   | Received a gift from Okawaru
 22658 | Lair:8   | Entered Level 8 of the Lair of Beasts
 22699 | Lair:8   | Reached XP level 14. HP: 124/127 MP: 5/5
 23158 | Lair:8   | Received a gift from Okawaru
 23194 | Lair:8   | Got a pitted morningstar {god gift}
 23195 | Lair:8   | Identified the +5 morningstar of Action {crush, rPois rF++} (Okawaru gifted it to you on level 8 of the Lair of Beasts)
 24990 | Orc:1    | Entered Level 1 of the Orcish Mines
 26328 | Orc:3    | Received a gift from Okawaru
 26625 | Orc:3    | Found a staircase to the Elven Halls.
 27138 | Orc:3    | Found a roughly hewn altar of Beogh.
 27188 | Orc:4    | Entered Level 4 of the Orcish Mines
 27232 | Orc:4    | Noticed Sonja
 27249 | Orc:4    | Killed Sonja
 27408 | Orc:4    | Noticed Joseph
 27418 | Orc:4    | Killed Joseph
 27533 | Orc:4    | Found Xeoq's Jewellery Emporium.
 27544 | Orc:4    | Bought a cursed -2 ring of strength for 28 gold pieces
 27674 | Orc:3    | Got a shimmering mace {god gift}
 27675 | Orc:3    | Identified the +3 mace of Indomitability {crush, +Rage +Inv rElec rF+ SInv} (Okawaru gifted it to you on level 3 of the Orcish Mines)
 27996 | Orc:4    | Found Qaedewen's General Store.
 28505 | Orc:4    | Paralysed by an orc sorcerer for 7 turns
 28818 | Orc:4    | Received a gift from Okawaru
 28823 | Orc:4    | Got a pair of faintly glowing gloves {god gift}
 28834 | Orc:4    | Identified the +2 pair of gloves "Kes Ima" {Str+2 Curse} (Okawaru gifted it to you on level 4 of the Orcish Mines)
 28834 | Orc:4    | Found Jielon's Jewellery Emporium.
 28834 | Orc:4    | Found Mipaby's Assorted Antiques.
 28844 | Orc:4    | Bought a cursed -4 ring of protection for 30 gold pieces
 28860 | Orc:4    | Found Natah's Jewellery Boutique.
 28982 | Orc:4    | Reached XP level 15. HP: 131/139 MP: 6/6
 29060 | Orc:4    | Bought an uncursed ring of regeneration for 420 gold pieces
 29108 | Orc:4    | Bought the ring "Tommuicy" {AC+3 Slay+3} for 609 gold pieces
 29108 | Orc:4    | Bought an uncursed amulet of guardian spirit for 450 gold pieces
 29480 | D:11     | Reached skill level 1 in Evocations
 29582 | D:11     | Reached skill level 1 in Invocations
 30344 | D:12     | Noticed Maurice
 30351 | D:12     | Killed Maurice
 30669 | D:12     | Found Ceage's Weapon Boutique.
 31088 | D:13     | Noticed Harold
 31121 | D:13     | Killed Harold
 31431 | D:13     | Reached skill level 5 in Evocations
 31908 | D:14     | Noticed Nessos
 31938 | D:14     | Killed Nessos
 32075 | D:14     | Found a gate to the Vaults.
 32117 | D:14     | Reached skill level 5 in Invocations
 32326 | D:14     | Noticed Josephine
 32352 | D:14     | Killed Josephine
 32626 | D:14     | Received a gift from Okawaru
 32678 | D:15     | Entered Level 15 of the Dungeon
 32737 | D:15     | Found Wacax's Book Emporium.
 33168 | D:15     | Found a snail-covered altar of Cheibriados.
 33286 | D:15     | Reached XP level 16. HP: 147/147 MP: 25/25
 33310 | D:15     | Found a staircase to the Depths.
 33396 | D:15     | Reached skill level 10 in Evocations
 33738 | Snake:1  | Entered Level 1 of the Snake Pit
 34496 | Snake:2  | Noticed Wiglaf
 34653 | Snake:1  | Received a gift from Okawaru
 34818 | Snake:2  | Killed Wiglaf
 34833 | Snake:2  | Found Uvaruget's Assorted Antiques.
 34850 | Snake:2  | Bought a murky red potion for 37 gold pieces
 34850 | Snake:2  | Bought a copper ring for 210 gold pieces
 34855 | Snake:2  | Bought an encrusted iron ring for 210 gold pieces
 35741 | Snake:3  | Found a flickering gateway to a bazaar.
 35759 | Bazaar   | Entered a bazaar
 35759 | Bazaar   | Found Qotaopt's Distillery.
 35759 | Bazaar   | Found Froud's General Store.
 35766 | Bazaar   | Bought a potion of degeneration for 14 gold pieces
 35794 | Bazaar   | Found Areuk's Antique Armour Emporium.
 35799 | Bazaar   | Found Baatevveeci's Antique Weapon Emporium.
 35810 | Bazaar   | Found Stieshua's Jewellery Boutique.
 35819 | Bazaar   | Bought a cursed -2 ring of intelligence for 22 gold pieces
 35837 | Bazaar   | Bought an ancient plate armour for 672 gold pieces
 35848 | Bazaar   | Identified the cursed +0 plate armour of Thi Touwa {Dex-4 Int+3} (You bought it in a shop in a bazaar)
 35861 | Bazaar   | Bought a pair of boots for 108 gold pieces
 35861 | Bazaar   | Bought an amber-studded ring mail for 216 gold pieces
 35872 | Bazaar   | Identified the cursed -4 ring mail of the Exiled Seas {Str+3 Dex+3} (You bought it in a shop in a bazaar)
 36311 | Snake:3  | Received a gift from Okawaru
 37561 | Snake:4  | Noticed Aizul
 37574 | Snake:4  | Killed Aizul
 37877 | Snake:4  | Reached XP level 17. HP: 121/154 MP: 22/29
 38384 | Shoals:1 | Entered Level 1 of the Shoals
 39106 | Shoals:1 | Reached skill level 10 in Invocations
 39733 | Shoals:1 | Received a gift from Okawaru
 39793 | Shoals:1 | Identified a +2 pair of boots of running (Okawaru gifted it to you on level 1 of the Shoals)
 40573 | Shoals:1 | Drowned

Action                   |  1- 3 |  4- 6 |  7- 9 | 10-12 | 13-15 | 16-18 || total
-------------------------+-------+-------+-------+-------+-------+-------++-------
Melee: Flail             |    86 |   121 |   460 |  1076 |   563 |       ||  2306
       Morningstar       |       |       |       |       |  1202 |   633 ||  1835
       Unarmed           |       |       |       |       |    16 |       ||    16
Throw: Tomahawk          |       |       |       |       |     3 |     1 ||     4
Invok: Heroism           |       |       |       |     9 |     9 |     5 ||    23
Evoke: Wand              |       |       |     2 |    11 |     2 |     4 ||    19
  Use: Potion            |       |     1 |     2 |     6 |     9 |     3 ||    21
       Scroll            |       |       |    19 |     7 |     4 |    10 ||    40
 Stab: Fleeing           |       |       |       |     1 |       |       ||     1
       Confused          |       |       |       |       |     1 |       ||     1
  Eat: Chunk             |     1 |     4 |    22 |    26 |    50 |    20 ||   123
       Bread ration      |       |       |       |     1 |       |     1 ||     2
       Pizza             |       |       |       |       |     1 |       ||     1
       Beef jerky        |       |       |       |       |     1 |       ||     1
       Meat ration       |       |       |       |       |       |     2 ||     2
